Map: Ice and Chrome LE

Players

Astrea - Winner!

  • Race: Protoss Protoss
  • League: Master
  • Spawn Location: 1:00

PiLiPiLi

  • Race: Protoss Protoss
  • League: Grandmaster
  • Spawn Location: 7:00

Event: DreamHack SC2 Masters 2020 Fall

VOD

Have the link to the VOD?

Description

Time

  • Played on: Sept. 5, 2020, 5:42 p.m.
  • Length: 10:24

All games in this series

Show
View Real Time Build Order
Export as new Build Order

Astrea Protoss - Winner!

Build Orders:  

Get SALT Encoding   

  12  0:00  Probe  
  13  0:12  Probe  
  14  0:17  Pylon  
  14  0:24  Probe (Chrono Boost)  
  15  0:36  Gateway, Probe (Chrono Boost)  
  16  0:44  Probe (Chrono Boost)  
  16  0:45  Assimilator  
  17  0:51  Probe  
  17  0:53  Assimilator  
  18  1:03  Probe (Chrono Boost)  
  19  1:06  Gateway  
  20  1:12  Probe (Chrono Boost)  
  20  1:17  Probe (Chrono Boost)  
  20  1:23  Cybernetics Core  
  21  1:29  Probe  
  21  1:32  Pylon  
  22  1:41  Probe  
  23  1:53  Probe  
  24  1:56  Warp Gate (Chrono Boost)  
  24  1:59  Stalker  
  24  2:00  Stalker  
  28  2:05  Probe  
  29  2:09  Pylon  
  29  2:29  Stalker  
  31  2:30  Stalker  
  31  2:32  Gateway  
  32  3:00  Shield Battery  
  32  3:05  Nexus  
  32  3:19  Probe  
  33  3:33  Stalker x3  
  37  3:41  Probe  
  38  3:51  Pylon  
  38  3:53  Probe  
  39  4:08  Pylon  
  39  4:09  Probe  
  40  4:14  Twilight Council  
  40  4:16  Sentry x3  
  46  4:21  Probe (Chrono Boost)  
  46  4:23  Probe (Chrono Boost)  
  49  4:31  Probe (Chrono Boost)  
  49  4:33  Shield Battery  
  49  4:34  Probe (Chrono Boost)  
  49  4:36  Probe (Chrono Boost)  
  51  4:42  Sentry  
  51  4:43  Probe  
  54  4:47  Stalker  
  54  4:48  Stalker, Probe  
  59  4:55  Probe  
  59  4:57  Blink (Chrono Boost)  
  59  4:59  Pylon  
  60  5:02  Probe  
  61  5:09  Probe  
  61  5:16  Probe  
  62  5:21  Stalker x2  
  62  5:25  Probe  
  67  5:31  Probe  
  67  5:32  Forge  
  68  5:41  Probe  
  68  5:42  Nexus  
  69  5:46  Pylon  
  69  5:47  Probe  
  70  5:53  Probe  
  70  5:56  Pylon  
  71  5:59  Probe  
  71  6:00  Pylon  
  71  6:01  Protoss Ground Weapons Level 1 (Chrono Boost)  
  72  6:05  Probe  
  73  6:12  Probe  
  73  6:13  Assimilator  
  73  6:18  Probe  
  75  6:24  Probe  
  74  6:26  Stalker x3  
  74  6:30  Probe  
  79  6:37  Probe  
  80  6:44  Charge, Probe  
  81  6:48  Pylon  
  81  6:49  Probe  
  82  6:54  Robotics Facility  
  82  6:55  Probe  
  82  6:56  Probe  
  82  7:00  Nexus  
  82  7:01  Pylon, Probe  
  85  7:07  Probe  
  82  7:12  Stalker x2  
  82  7:14  Probe x2  
  86  7:20  Probe  
  87  7:26  Probe x2  
  87  7:29  Gateway x2  
  88  7:32  Probe  
  89  7:38  Probe x2  
  89  7:44  Protoss Ground Weapons Level 2 (Chrono Boost), Probe  
  92  7:50  Gateway x2, Probe x2  
  94  7:55  Stalker x2  
  98  7:59  Observer (Chrono Boost)  
  98  8:01  Shield Battery  
  98  8:03  Pylon  
  99  8:19  Immortal (Chrono Boost), Stalker x2  
  85  8:30  Stalker x2  
  74  8:41  Probe x2  
  64  8:43  Stalker x2  
  64  8:44  Stalker  
  64  8:45  Stalker  
  71  8:50  Probe x2  
  71  8:53  Probe  
  74  8:59  Probe  
  65  9:02  Probe  
  59  9:11  Stalker x3  
  59  9:12  Stalker  
  59  9:14  Probe x2  
  59  9:16  Probe  
  66  9:29  Probe  
  65  9:33  Probe  
  66  9:44  Probe  
  67  9:46  Stalker x6  
  67  9:48  Probe  
  80  9:53  Probe  
  80  9:55  Probe  
  80  10:01  Probe  
  80  10:04  Probe  
  80  10:05  Probe  
  79  10:07  Probe  
  79  10:13  Stalker x4  
Show
View Real Time Build Order
Export as new Build Order

PiLiPiLi Protoss 

Build Orders: Phoenix Opening, Mass Phoenix 

Get SALT Encoding   

  12  0:00  Probe  
  13  0:12  Probe  
  14  0:17  Pylon  
  14  0:24  Probe (Chrono Boost)  
  15  0:36  Gateway  
  15  0:37  Probe (Chrono Boost)  
  16  0:44  Probe (Chrono Boost)  
  16  0:47  Assimilator  
  17  0:51  Probe  
  17  0:54  Assimilator  
  18  1:03  Probe  
  19  1:15  Probe  
  20  1:23  Cybernetics Core  
  20  1:28  Probe  
  20  1:30  Pylon  
  21  1:40  Probe  
  22  1:52  Probe  
  23  1:59  Sentry (Chrono Boost)  
  25  2:05  Stargate  
  25  2:09  Probe  
  25  2:12  Warp Gate  
  26  2:18  Pylon  
  26  2:21  Stalker  
  28  2:24  Probe  
  29  2:30  Shield Battery  
  29  2:32  Phoenix (Chrono Boost)  
  29  2:37  Probe  
  30  2:54  Phoenix (Chrono Boost), Nexus  
  32  2:59  Probe  
  33  3:05  Shield Battery  
  33  3:14  Phoenix (Chrono Boost)  
  35  3:22  Shield Battery  
  35  3:32  Gateway  
  35  3:45  Phoenix (Chrono Boost)  
  35  3:46  Gateway  
  35  3:51  Pylon  
  35  3:53  Shield Battery  
  35  4:02  Robotics Facility  
  35  4:03  Phoenix  
  35  4:07  Pylon  
  35  4:13  Phoenix  
  35  4:15  Stalker  
  39  4:17  Pylon  
  39  4:37  Nexus  
  39  4:41  Pylon  
  39  4:43  Probe  
  40  4:49  Observer  
  41  4:53  Phoenix  
  41  4:56  Probe  
  44  5:08  Probe  
  45  5:16  Immortal (Chrono Boost)  
  45  5:20  Probe  
  50  5:30  Phoenix  
  50  5:32  Probe  
  53  5:44  Probe  
  53  5:49  Probe  
  55  5:52  Immortal  
  55  5:57  Probe  
  60  5:59  Shield Battery  
  60  6:01  Probe  
  61  6:09  Probe  
  61  6:11  Phoenix  
  64  6:14  Probe  
  64  6:15  Sentry  
  67  6:30  Immortal (Chrono Boost)  
  65  6:38  Pylon  
  69  6:46  Gateway  
  69  6:47  Zealot x2, Sentry  
  73  6:52  Gateway  
  75  7:12  Phoenix  
  75  7:15  Nexus, Probe x2  
  77  7:16  Zealot  
  77  7:17  Pylon  
  77  7:25  Pylon  
  77  7:26  Stalker  
  79  7:33  Warp Prism (Chrono Boost)  
  79  7:34  Stalker  
  83  7:46  Probe x2  
  83  7:49  Stalker  
  83  7:50  Stalker  
  89  7:57  Zealot, Stalker  
  93  7:58  Zealot  
  84  8:23  Stalker x3  
  84  8:27  Zealot x2  
  86  8:32  Warp Prism (Chrono Boost)  
  74  8:37  Stalker  
  72  8:44  Stalker  
  72  8:45  Probe x2  
  74  8:48  Zealot x3  
  78  8:57  Probe  
  71  9:13  Zealot x3, Stalker  
  71  9:14  Probe x2  
  71  9:17  Assimilator  
  75  9:20  Assimilator  
  73  9:26  Immortal (Chrono Boost)  
  73  9:27  Stalker  
  73  9:31  Zealot  
  77  9:33  Zealot  
  77  9:34  Stalker  
  77  9:36  Zealot  
  75  9:46  Stalker  
  75  9:47  Zealot  
  77  10:05  Stalker x3  
  77  10:06  Zealot  
  73  10:10  Stalker  
  73  10:11  Zealot x4  

Tags
 
Add a new tag
Caveats
  • Supply blocks, unpowered buildings, or Contaminate may cause inaccurate times.
  • Supply counts are checked every 10 seconds.